[Event "Team 45 45 League T89"]
[Site "Internet Chess Club"]
[Date "2021.07.16"]
[Round "2"]
[White "KidRattler"]
[Black "kidcobra"]
[Result "0-1"]
[WhiteElo "1770"]
[BlackElo "1911"]
[Opening "Benko's opening"]
[ECO "A00"]
[Time "22:33:21"]
[TimeControl "2700+45"]

1. g3 Nf6 2. Bg2 g6 3. c4 Bg7 4. d3 O-O 5. Nf3 d6 6. Nc3 e5 7. O-O h6 8. e4 Nc6
9. Rb1 a5 10. a3 Nh7 11. b4 axb4 12. axb4 Bg4 13. h3 Bxf3 14. Bxf3 f5 15. exf5
gxf5 16. Bd5+ Kh8 17. b5 Nd4 18. Ne2 Nxe2+ 19. Qxe2 Qc8 20. Qh5 f4 21. g4 c6 22.
Be4 Nf6 23. Qg6 Nxe4 24. Qxe4 Qd7 25. bxc6 bxc6 26. Rb6 Rac8 27. Ba3 h5 28. f3
Qa7 29. Bxd6 Qxb6+ 30. c5 Qd8 31. Bxf8 Qxf8 32. Qg6 Qxc5+ 33. Kg2 Rb8 34. gxh5
Qf8 35. Qxc6 Qf6 36. Qxf6 Bxf6 37. h4 Rg8+ 38. Kh2 Bxh4 39. Kh3 Bf6 40. Rf2 Kh7
41. Kh2 Rg3 42. Rf1 Kh6 43. Rf2 Kxh5 44. Rf1 Bh4 45. d4 exd4 46. Rb1 Rxf3 47.
Kg2 Kg4 48. Rb7 Rf2+ 49. Kg1 Re2 50. Kf1 Kf3 51. Rb3+ Re3 52. Rb1 d3 53. Kg1 d2
54. Kh2 Re1 55. Rb3+ Kf2 56. Rb2 Bg3+ 57. Kh3 Rh1+ 58. Kg4 Ke1 59. Kf3 d1=Q+ 60.
Kg2 Qd5# {White checkmated} 0-1

[Event "Team 45 45 League T89"]
[Site "Internet Chess Club"]
[Date "2021.07.17"]
[Round "2"]
[White "fhunfi"]
[Black "MathMonkey"]
[Result "1-0"]
[WhiteElo "1800"]
[BlackElo "1471"]
[Opening "Vienna gambit"]
[ECO "C29"]
[Time "19:31:19"]
[TimeControl "2700+45"]

1. e4 e5 2. Nc3 Nf6 3. f4 d6 4. Nf3 exf4 5. d4 Nc6 6. Bb5 a6 7. Bxc6+ bxc6 8.
O-O Be7 9. Re1 O-O 10. e5 dxe5 11. Nxe5 Bd6 12. Bxf4 Re8 13. Nxc6 Qd7 14. Bxd6
cxd6 15. d5 Bb7 16. Na5 Rxe1+ 17. Qxe1 Bxd5 18. Nxd5 Nxd5 19. Qd2 Nf6 20. Rd1 d5
21. c4 Qa7+ 22. Qd4 Qc7 23. b4 dxc4 24. Nxc4 h6 25. Ne3 Re8 26. Nd5 Nxd5 27.
Qxd5 Qb6+ 28. Qc5 Qxc5+ 29. bxc5 Rc8 30. Rc1 Kf8 31. Kf2 Ke7 32. Ke3 Ke6 33. Kd4
Rc6 34. Re1+ Kf5 35. Kd5 Rc8 36. Kd6 g5 37. c6 Kg4 38. c7 f5 39. Kd7 Ra8 40. Re8
Ra7 41. a4 f4 42. Rf8 h5 43. a5 h4 44. Kc6 Rxc7+ 45. Kxc7 h3 46. gxh3+ Kxh3 47.
Rh8+ Kg2 48. Rg8 Kxh2 49. Rxg5 f3 50. Kb6 f2 51. Rf5 Kg2 52. Kxa6 f1=Q+ 53. Rxf1
Kxf1 54. Kb5 Kg2 55. a6 Kh1 56. a7 Kh2 57. a8=R Kh1 58. Ra2 Kg1 59. Kc4 Kf1 60.
Kd3 Kg1 61. Ke3 Kh1 62. Kf3 Kg1 63. Rb2 Kh1 64. Kg3 Kg1 65. Rb1# {Black
checkmated} 1-0

[Event "Team 45 45 League T89"]
[Site "Internet Chess Club"]
[Date "2021.07.16"]
[Round "2"]
[White "Demachaeron"]
[Black "tacticaltal"]
[Result "1-0"]
[WhiteElo "1731"]
[BlackElo "1637"]
[Opening "Ruy Lopez: exchange variation"]
[ECO "C68"]
[Time "14:00:13"]
[TimeControl "2700+45"]

1. e4 e5 2. Nf3 Nc6 3. Bb5 a6 4. Bxc6 dxc6 5. b3 c5 6. d3 Be7 7. Bb2 f6 8. Nbd2
Nh6 9. O-O Be6 10. Re1 Qd7 11. Nf1 O-O 12. Ne3 c6 13. Qd2 b5 14. c3 Rfd8 15.
Red1 Qa7 16. Qe2 Qb6 17. d4 cxd4 18. cxd4 Qb7 19. dxe5 fxe5 20. Bxe5 Nf7 21. Bb2
c5 22. Nf1 {Black resigns} 1-0

[Event "Team 45 45 League T89"]
[Site "Internet Chess Club"]
[Date "2021.07.15"]
[Round "2"]
[White "Lawkeito"]
[Black "Kingsacrificed"]
[Result "1-0"]
[WhiteElo "1537"]
[BlackElo "1470"]
[Opening "Robatsch defense: two knights variation"]
[ECO "A40"]
[Time "19:35:20"]
[TimeControl "2700+45"]

1. d4 g6 2. Nf3 d6 3. Nc3 Bg7 4. e4 Bg4 5. Be2 Nc6 6. Be3 Nf6 7. Qd2 a6 8. h3
Bxf3 9. Bxf3 e6 10. O-O-O Nd7 11. g4 Nb6 12. Be2 Qd7 13. f4 O-O-O 14. d5 exd5
15. Bxb6 Bxc3 16. Qxc3 d4 17. Bxd4 Nxd4 18. Qxd4 c5 19. Qd2 Qa4 20. Kb1 Qxe4 21.
Rhe1 Qa4 22. Bf3 f6 23. Re7 Rhe8 24. Bxb7+ Kb8 25. Rde1 Rxe7 26. Rxe7 Qb5 27.
Bg2 d5 28. b3 c4 29. Qd4 Rd7 30. Rxd7 Qxd7 31. Qxd5 Qe7 32. Qa8+ Kc7 33. Qa7+
Kd6 34. Qxe7+ Kxe7 35. Kb2 Kd6 36. Kc3 cxb3 37. cxb3 Kc5 38. a3 h6 39. b4+ Kb5
40. Bf1+ Kb6 41. Kc4 a5 42. a4 g5 43. fxg5 hxg5 44. Bd3 axb4 45. Kxb4 f5 46.
Bxf5 Ka7 47. Kb5 Kb7 48. a5 Ka7 49. Be4 Kb8 50. Kb6 Kc8 51. a6 Kd7 52. a7 Ke7
53. a8=Q Kf7 54. Bd5+ Kf6 55. Qe8 Kg7 56. Qf7+ Kh6 57. Qf6+ Kh7 58. Be4+ Kg8 59.
Qg6+ Kh8 60. Qh6+ Kg8 61. Kc6 Kf7 62. Kd6 Kg8 63. Bd5# {Black checkmated} 1-0

[Event "Team 45 45 League T89"]
[Site "Internet Chess Club"]
[Date "2021.07.18"]
[Round "2"]
[White "Packerfan"]
[Black "primerpaso"]
[Result "1/2-1/2"]
[WhiteElo "1839"]
[BlackElo "1843"]
[Opening "English: Mikenas-Carls, Kevitz variation"]
[ECO "A18"]
[Time "15:00:35"]
[TimeControl "2700+45"]

1. c4 Nf6 2. Nc3 e6 3. e4 Nc6 4. d4 d6 5. Nf3 Be7 6. Be2 e5 7. d5 Nb8 8. O-O O-O
9. h3 Nbd7 10. Be3 Re8 11. b4 c6 12. dxc6 bxc6 13. a3 Bb7 14. Qd3 a6 15. Rfd1
Qc7 16. Rac1 Rac8 17. Nh4 g6 18. Nf3 Bf8 19. Nd2 Qd8 20. Nb3 {Game drawn by
mutual agreement} 1/2-1/2

[Event "Team 45 45 League T89"]
[Site "Internet Chess Club"]
[Date "2021.07.19"]
[Round "2"]
[White "Boxermam"]
[Black "ElValero"]
[Result "1/2-1/2"]
[WhiteElo "1716"]
[BlackElo "1615"]
[Opening "French: Schlechter variation"]
[ECO "C01"]
[Time "10:00:36"]
[TimeControl "2700+45"]

1. e4 e6 2. d4 d5 3. Bd3 c5 4. exd5 Qxd5 5. Bb5+ Bd7 6. Bxd7+ Qxd7 7. Nf3 Nc6 8.
dxc5 Qxd1+ 9. Kxd1 Bxc5 10. Ke2 Nf6 11. c3 Ng4 12. Rf1 O-O 13. Nbd2 Rfd8 14. Ne4
Bb6 15. Bf4 e5 16. Be3 Nxe3 17. fxe3 Rd7 18. Rad1 Rad8 19. Rd2 Rxd2+ 20. Nfxd2
Rd7 21. Nc4 Bd8 22. a4 b6 23. g4 Be7 24. Rf5 f6 25. h4 h6 26. h5 Rc7 27. b3 Nd8
28. Rf1 Rd7 29. Rd1 Rxd1 30. Kxd1 Nb7 31. Kd2 Kf7 32. b4 g6 33. Ng3 Nd6 34.
Nxd6+ Bxd6 35. e4 a6 36. Kd3 b5 37. a5 gxh5 38. gxh5 Ke6 39. Nf5 Bf8 40. c4 Bxb4
41. cxb5 axb5 42. a6 Bc5 43. Nxh6 Ke7 44. Nf5+ Kf7 45. Kc3 Kf8 46. a7 Bxa7 47.
Kb4 Kf7 48. Kxb5 Bf2 49. Kc6 Be1 50. Kd7 Bf2 51. Kd6 Be1 52. Kd5 Bf2 53. Kc4 Be1
54. Kd3 Bb4 55. Ke2 Ba3 56. Kf3 Bc1 57. Kg4 Bd2 58. Kh4 Be1+ 59. Kg4 Bd2 60.
Nd6+ Ke6 61. Nf5 Kf7 62. Nh4 Ke6 63. Nf5 Kf7 64. Kf3 Bc1 {Game drawn by mutual
agreement} 1/2-1/2

[Event "Team 45 45 League T89"]
[Site "Internet Chess Club"]
[Date "2021.07.18"]
[Round "2"]
[White "Portola"]
[Black "GrandUnified"]
[Result "0-1"]
[WhiteElo "1664"]
[BlackElo "1613"]
[Opening "Queen's Pawn"]
[ECO "A41"]
[Time "11:00:16"]
[TimeControl "2700+45"]

1. d4 d6 2. Nf3 g6 3. c3 Bg7 4. Bf4 Nf6 5. h3 O-O 6. e3 Nbd7 7. Nbd2 a6 8. a4
Re8 9. Bc4 d5 10. Bd3 c5 11. O-O b6 12. Qe2 Bb7 13. e4 dxe4 14. Nxe4 cxd4 15.
cxd4 Nd5 16. Bh2 Nb8 17. Be5 Nc6 18. Bxg7 Kxg7 19. Bc4 Ncb4 20. Nc3 e6 21. Rfd1
f6 22. Rac1 Qd6 23. Ne4 Qe7 24. Ng3 Rad8 25. Nf1 Nf4 26. Qe3 Nbd5 27. Bxd5 Nxd5
28. Qb3 Qd6 29. N1d2 Nf4 30. Qe3 g5 31. Rc2 Rc8 32. Rdc1 Rxc2 33. Rxc2 Re7 34.
b3 h5 35. Rc4 Qd5 36. Ne1 Nxg2 37. Qe4 Qxe4 38. Nxe4 Nxe1 {White resigns} 0-1

[Event "Team 45 45 League T89"]
[Site "Internet Chess Club"]
[Date "2021.07.18"]
[Round "2"]
[White "bobhill"]
[Black "fileman"]
[Result "1/2-1/2"]
[WhiteElo "1876"]
[BlackElo "1771"]
[Opening "Mieses opening"]
[ECO "A00"]
[Time "14:11:56"]
[TimeControl "2700+45"]

1. d3 Nc6 2. Nf3 e5 3. Bg5 f6 4. Bh4 Nge7 5. e3 d5 6. c3 Bg4 7. Qb3 Bh5 8. d4
Qd6 9. Na3 Rb8 10. Bg3 a6 11. Be2 Bf7 12. O-O Ng6 13. Rfe1 Be7 14. Nh4 Qd7 15.
Nxg6 hxg6 16. Rad1 O-O 17. Qc2 exd4 18. exd4 Rbe8 19. Bd3 f5 20. Nb1 Bd6 21. Nd2
Bxg3 22. hxg3 Rxe1+ 23. Rxe1 Re8 24. Qd1 Rxe1+ 25. Qxe1 Qe6 26. Qxe6 Bxe6 27. f4
Kf7 28. Nf3 Kf6 29. Kf2 Nd8 30. Ng5 Bg8 31. Ke3 Nf7 32. Nxf7 Bxf7 33. b4 g5 34.
a4 g4 35. Bc2 Ke6 36. Kd3 Kd6 37. Bb3 b6 38. a5 Kc6 39. Ba4+ Kd6 40. Ke3 Be6 41.
Bc2 b5 42. Bd3 c6 43. Be2 {Game drawn by mutual agreement} 1/2-1/2

[Event "Team 45 45 League T89"]
[Site "Internet Chess Club"]
[Date "2021.07.17"]
[Round "2"]
[White "elmaestro"]
[Black "CPTsopiens"]
[Result "0-1"]
[WhiteElo "1610"]
[BlackElo "1727"]
[Opening "Bird's opening"]
[ECO "A02"]
[Time "16:03:05"]
[TimeControl "2700+45"]

1. f4 Nf6 2. e3 g6 3. Nf3 Bg7 4. Be2 O-O 5. O-O d5 6. d3 c5 7. Qe1 Nc6 8. Bd1
Qc7 9. e4 e5 10. Qh4 dxe4 11. dxe4 exf4 12. Bxf4 Qb6 13. Bc1 Nxe4 14. Qxe4 Bxb2
15. Bh6 Bxa1 16. Bxf8 Kxf8 17. Ng5 Bf5 18. Nxh7+ Kg7 19. Qh4 Rh8 20. Rxf5 gxf5
21. Qg5+ Kxh7 22. Qxf5+ Kg8 23. c3 Qc7 24. g3 Ne7 25. Qf3 Qe5 26. Bb3 Qf5 27.
Qxb7 Qxb1+ 28. Kg2 Qb2+ 29. Kf1 Qc1+ 30. Kg2 Qd2+ 31. Kf1 Rxh2 32. Qb8+ Kh7 33.
Qf4 Qg2+ 34. Ke1 Rh1+ {White resigns} 0-1

[Event "Team 45 45 League T89"]
[Site "Internet Chess Club"]
[Date "2021.07.18"]
[Round "2"]
[White "Beetlejuice"]
[Black "Rookmaster"]
[Result "1-0"]
[WhiteElo "1709"]
[BlackElo "1525"]
[Opening "Pirc defense"]
[ECO "B07"]
[Time "10:00:41"]
[TimeControl "2700+45"]

1. d4 d6 2. e4 Nf6 3. f3 Nbd7 4. c4 e5 5. d5 c6 6. Nc3 Be7 7. Be3 Qc7 8. Bd3 O-O
9. Nge2 a6 10. O-O Rb8 11. Rc1 c5 12. g4 Rd8 13. Ng3 Nf8 14. Nf5 Bxf5 15. gxf5
Qd7 16. Qe2 Ne6 17. fxe6 fxe6 18. dxe6 Qxe6 19. Nd5 Nxd5 20. cxd5 Qg6+ 21. Kh1
Qh5 22. f4 Qxe2 23. Bxe2 exf4 24. Bxf4 Rf8 25. Bg4 b5 26. Be6+ Kh8 27. Kg2 Rb6
28. Be3 Rbb8 29. Rxf8+ Rxf8 30. Rf1 Rxf1 31. Kxf1 Bf6 32. b3 Be5 33. h3 h6 34.
Ke2 Kh7 35. Kf3 g5 36. Bf2 Kg6 37. Bg3 Kf6 38. Bxe5+ Kxe5 39. Ke3 h5 40. Bf5 c4
41. bxc4 bxc4 42. Kd2 Kd4 43. Kc2 g4 44. hxg4 hxg4 45. Bxg4 Kxe4 46. Be6 Kd4 47.
Bf7 a5 48. Be6 c3 49. Bf7 Kc4 50. Bg6 Kxd5 51. Kxc3 Kc5 52. Bc2 Kd5 53. Bb3+ Kc5
54. Kd3 Kb4 55. Kd4 a4 56. Bf7 Ka3 57. Ke4 Kb4 58. Kd5 a3 59. Kxd6 Kc3 60. Kc5
Kc2 61. Kb4 Kb2 62. Bg8 Ka1 63. Kxa3 Kb1 64. Kb3 {Black resigns} 1-0

[Event "Team 45 45 League T89"]
[Site "Internet Chess Club"]
[Date "2021.07.19"]
[Round "2"]
[White "Kingofknights"]
[Black "fvafier"]
[Result "1-0"]
[WhiteElo "1542"]
[BlackElo "1511"]
[Opening "QGD semi-Slav"]
[ECO "D43"]
[Time "11:30:27"]
[TimeControl "2700+45"]

1. d4 d5 2. c4 c6 3. Nf3 Nf6 4. Nc3 e6 5. Bg5 h6 6. Bh4 Nbd7 7. e3 Bd6 8. Bd3
dxc4 9. Bxc4 b5 10. Bd3 O-O 11. Qc2 Bb7 12. Ne4 Bc7 13. Nc5 Nxc5 14. dxc5 Qe7
15. Rd1 Rad8 16. O-O g5 17. Bg3 Bxg3 18. hxg3 e5 19. e4 a5 20. Qc3 Nd7 21. Bc2
b4 22. Rxd7 Rxd7 23. Qxe5 Qxe5 24. Nxe5 Rd2 25. Ba4 Rxb2 26. Rd1 Rxa2 27. Bb3
Rb2 28. Bc4 a4 29. Rd7 Bc8 30. Bxf7+ Rxf7 31. Rxf7 a3 32. Ra7 a2 33. Kh2 b3 34.
Nxc6 Be6 35. Nd4 Bf7 36. c6 Rb1 37. c7 a1=Q 38. c8=Q+ Kg7 39. Rxa1 Rxa1 40. Ne6+
Kg6 41. Nf8+ Kh5 42. g4+ {Black resigns} 1-0

[Event "Team 45 45 League T89"]
[Site "Internet Chess Club"]
[Date "2021.07.18"]
[Round "2"]
[White "janh"]
[Black "zugknightly"]
[Result "1-0"]
[WhiteElo "1973"]
[BlackElo "1920"]
[Opening "Trompowsky attack (Ruth, Opocenský opening)"]
[ECO "A45"]
[Time "19:08:51"]
[TimeControl "2700+45"]

1. d4 Nf6 2. Bg5 d5 3. Bxf6 gxf6 4. e3 c5 5. c4 dxc4 6. Bxc4 e6 7. Nc3 cxd4 8.
exd4 Be7 9. Nge2 Nc6 10. Rc1 f5 11. O-O Bd7 12. d5 Ne5 13. Bb3 Rg8 14. Nd4 Qb6
15. Kh1 Rc8 16. dxe6 fxe6 17. Qh5+ Kf8 18. Qh6+ Kf7 19. Qxh7+ Rg7 20. Qxf5+ Bf6
21. Ne4 Ng4 22. Nxf6 Nxf6 23. Bxe6+ Bxe6 24. Nxe6 Rxc1 25. Rxc1 Qa6 26. Rc7+ Ke8
27. Nxg7+ {Black resigns} 1-0

[Event "Team 45 45 League T89"]
[Site "Internet Chess Club"]
[Date "2021.07.15"]
[Round "2"]
[White "Ajolote"]
[Black "achessman"]
[Result "1/2-1/2"]
[WhiteElo "1971"]
[BlackElo "1868"]
[Opening "Caro-Kann defense"]
[ECO "B10"]
[Time "20:31:11"]
[TimeControl "2700+45"]

1. e4 c6 2. Nf3 d5 3. d3 dxe4 4. dxe4 Qxd1+ 5. Kxd1 Nf6 6. Nfd2 g6 7. a4 Bg7 8.
Nc3 O-O 9. f3 Rd8 10. Bd3 Nbd7 11. Ke2 Ne5 12. Nc4 Nfd7 13. Be3 Nxd3 14. cxd3
Ne5 15. Nxe5 Bxe5 16. Rad1 Be6 17. d4 Bc4+ 18. Kf2 Bg7 19. Rd2 Rd7 20. e5 c5 21.
Rhd1 Bb3 22. dxc5 Rxd2+ 23. Rxd2 Bxe5 24. Rd7 Bxc3 25. bxc3 Bxa4 26. Rxb7 Kf8
27. c6 Bxc6 28. Rc7 Bd5 29. c4 Be6 30. Bc5 a5 31. Bxe7+ Ke8 32. Ba3 Kd8 33. Rc5
{Game drawn by mutual agreement} 1/2-1/2

[Event "Team 45 45 League T89"]
[Site "Internet Chess Club"]
[Date "2021.07.17"]
[Round "2"]
[White "primerpaso"]
[Black "harrington"]
[Result "0-1"]
[WhiteElo "1843"]
[BlackElo "1680"]
[Opening "English: Bremen, Smyslov system"]
[ECO "A22"]
[Time "16:02:21"]
[TimeControl "2700+45"]

1. c4 e5 2. Nc3 Nf6 3. g3 Bb4 4. Bg2 O-O 5. e4 d6 6. Nge2 Nc6 7. O-O a6 8. h3
Bc5 9. Kh2 Be6 10. d3 Nd4 11. f4 b5 12. f5 Bd7 13. g4 h6 14. Ng3 g5 15. b3 b4
16. Nce2 Nxe2 17. Qxe2 a5 18. Be3 Bxe3 19. Qxe3 a4 20. d4 exd4 21. Qxd4 Ra5 22.
Rfd1 Qe7 23. Rac1 axb3 24. axb3 Bc6 25. Qd2 Nxe4 26. Bxe4 Bxe4 27. c5 dxc5 28.
Re1 Rd8 29. Qe2 Qe5 30. Qxe4 Ra2+ 31. Kh1 Qxg3 32. Re2 Qxh3+ 33. Kg1 Rxe2 34.
Qxe2 Qxb3 35. f6 Qg3+ 36. Kh1 Qd6 37. Rf1 Kf8 38. Qc2 Kg8 39. Qe2 Qd3 {White
resigns} 0-1

[Event "Team 45 45 League T89"]
[Site "Internet Chess Club"]
[Date "2021.07.16"]
[Round "2"]
[White "KidRattler"]
[Black "Portola"]
[Result "1-0"]
[WhiteElo "1781"]
[BlackElo "1667"]
[Opening "Benko's opening"]
[ECO "A00"]
[Time "12:00:10"]
[TimeControl "2700+45"]

1. g3 d5 2. Bg2 c6 3. Nf3 Bf5 4. O-O h6 5. d3 Nf6 6. b3 e6 7. Bb2 Be7 8. Nbd2
O-O 9. Re1 Nbd7 10. h3 Re8 11. g4 Bh7 12. Nf1 Qc7 13. d4 Ne4 14. N3d2 Ndf6 15.
Nxe4 Bxe4 16. f3 Bg6 17. e4 dxe4 18. fxe4 Rad8 19. Qf3 Nh7 20. Ng3 Bh4 21. e5
Bxc2 22. Rec1 Bg6 23. Ne2 Bg5 24. Rc4 Nf8 25. Rd1 Nd7 26. Ba1 Nb6 27. Rc5 Nd5
28. Nc3 Nxc3 29. Bxc3 Rd5 30. Qf2 Rxc5 31. dxc5 Rd8 32. Rd6 Be7 33. Qd4 Bg5 34.
Bf1 Re8 35. Rd7 Qc8 36. Rd6 a6 37. b4 Kh7 38. Kg2 Bb1 39. Bd3+ Bxd3 40. Qxd3+
Kg8 41. Kg3 Be7 42. Qd4 Bf8 43. Rd7 Be7 44. a4 f6 45. Rxe7 Rxe7 46. exf6 Rd7 47.
Qe4 Rf7 48. fxg7 Qd7 49. Bd4 Qd5 50. Qe3 Rxg7 51. Bxg7 Kxg7 52. h4 Kg6 53. Kf4
Qd7 54. Qe4+ Kg7 55. Qe5+ Kh7 56. Qe4+ Kg7 57. Qe5+ Kh7 58. Qd6 Qf7+ 59. Ke5
Qg7+ 60. Kxe6 Qxg4+ 61. Kf7 Qf5+ 62. Ke8 Qe4+ 63. Qe7+ Qxe7+ 64. Kxe7 Kg6 65.
Kd7 Kh5 66. Kc7 Kxh4 67. Kxb7 Kg3 68. Kxc6 h5 69. Kb6 h4 70. c6 h3 71. c7 h2 72.
c8=Q h1=Q 73. Qc7+ Kg4 74. Qc4+ Kg5 75. Qc5+ Kg4 76. Kxa6 Qa8+ 77. Kb5 Qb7+ 78.
Kc4 Qf7+ 79. Qd5 Qc7+ 80. Kb3 Qg3+ 81. Kc4 Qc7+ 82. Qc5 Qf7+ 83. Kb5 Qb7+ 84.
Kc4 Qf7+ 85. Qd5 Qf1+ 86. Kc5 Qf8+ 87. Qd6 Qa8 88. a5 Qa7+ 89. Kb5 Qb7+ 90. Ka4
Qc8 91. a6 Qc2+ 92. Ka5 Qa2+ 93. Kb6 Qf2+ 94. Qc5 Qf6+ 95. Kb5 Kh3 96. a7 Qf1+
97. Kb6 Qf6+ 98. Qc6 Qf2+ 99. Kb7 Qf7+ 100. Kc8 Qf8+ 101. Kc7 Qf4+ 102. Qd6 Qc4+
103. Qc5 Qf7+ 104. Kb6 Qe6+ 105. Qc6 Qe3+ 106. Qc5 Qe6+ 107. Kb7 Qe4+ 108. Kb8
Qf4+ 109. Kc8 Qg4+ 110. Kd8 Qg8+ 111. Kd7 Qf7+ 112. Kd6 Qf4+ 113. Kd5 Qf5+ 114.
Kc4 Qf1+ 115. Kb3 Qb1+ 116. Ka4 Qa2+ 117. Kb5 Qe2+ 118. Kb6 Qe6+ 119. Qc6 Qe3+
120. Kb7 Qe7+ 121. Ka6 Qe2+ 122. b5 Qa2+ 123. Kb7 Qf7+ 124. Qc7 Qd5+ 125. Kc8
Qg8+ 126. Kb7 Qd5+ 127. Kb6 Qd4+ 128. Ka6 Qa4+ 129. Qa5 Qe4 130. b6 Qe8 131. Qb5
Qc8+ 132. Ka5 Qc3+ 133. Qb4 Qa1+ 134. Kb5 Qf1+ 135. Qc4 Qb1+ 136. Kc6 Qg6+ 137.
Kb7 Qg7+ 138. Qc7 Qg2+ 139. Kb8 {Black resigns} 1-0

[Event "Team 45 45 League T89"]
[Site "Internet Chess Club"]
[Date "2021.07.18"]
[Round "2"]
[White "Sloggi"]
[Black "MacroPawn"]
[Result "1-0"]
[WhiteElo "1926"]
[BlackElo "1788"]
[Opening "Queen's Pawn"]
[ECO "A41"]
[Time "10:03:38"]
[TimeControl "2700+45"]

1. d4 d6 2. Bg5 g6 3. c4 Bg7 4. Nc3 h6 5. Bh4 Nd7 6. e4 a5 7. Nf3 c5 8. d5 a4 9.
Rc1 Qa5 10. Qd2 Ne5 11. Be2 Nxf3+ 12. Bxf3 Bd7 13. Be2 Bd4 14. O-O Nf6 15. Bd3
Rc8 16. a3 b5 17. cxb5 c4 18. Bb1 Bxb5 19. Qxd4 {Black resigns} 1-0

[Event "Team 45 45 League T89"]
[Site "Internet Chess Club"]
[Date "2021.07.18"]
[Round "2"]
[White "MathMonkey"]
[Black "Tufnell"]
[Result "0-1"]
[WhiteElo "1468"]
[BlackElo "1870"]
[Opening "Sicilian: Scheveningen (Paulsen), classical variation"]
[ECO "B84"]
[Time "13:00:42"]
[TimeControl "2700+45"]

1. e4 c5 2. Nf3 d6 3. d4 cxd4 4. Nxd4 Nf6 5. Nc3 a6 6. Be2 e6 7. O-O Be7 8. Be3
O-O 9. Qd2 Qc7 10. f3 b5 11. Rae1 Bb7 12. g4 Nc6 13. Nxc6 Bxc6 14. h4 b4 15. Nd1
d5 16. g5 Nh5 17. f4 Ng3 18. Rf3 Nxe4 19. Qc1 Rfd8 20. Bd4 Nd6 21. Be5 Qb6+ 22.
Kh2 d4 23. Rg3 Nf5 24. Rg4 Bd6 25. Bxd6 Rxd6 26. Bd3 Rc8 27. Rf1 Bb7 28. h5 Rd7
29. g6 fxg6 30. Rfg1 gxh5 31. Rg5 Nh4 32. Bxh7+ Kf8 33. Kh3 Nf3 34. Rf1 Rdc7 35.
Rxh5 Rc5 36. Rxc5 Qxc5 37. Bg6 Ke7 38. Kg3 Kf6 39. Bd3 Qh5 40. Rf2 Qh4+ 41. Kg2
Qh2+ 42. Kf1 Qg1+ 43. Ke2 Qe1# {White checkmated} 0-1

[Event "Team 45 45 League T89"]
[Site "Internet Chess Club"]
[Date "2021.07.18"]
[Round "2"]
[White "GrandUnified"]
[Black "Boxermam"]
[Result "1/2-1/2"]
[WhiteElo "1618"]
[BlackElo "1721"]
[Opening "Queen's pawn game"]
[ECO "A46"]
[Time "18:00:28"]
[TimeControl "2700+45"]

1. d4 Nf6 2. Nf3 e6 3. Bf4 d5 4. e3 c5 5. c3 Nc6 6. Bd3 Bd6 7. Bxd6 Qxd6 8. O-O
O-O 9. Nbd2 e5 10. dxe5 Nxe5 11. Nxe5 Qxe5 12. Nf3 Qe7 13. h3 Bd7 14. Re1 Bc6
15. Qc2 Ne4 16. Bxe4 dxe4 17. Nh2 Rfd8 18. Rad1 Bb5 19. c4 Bc6 20. Nf1 Rxd1 21.
Rxd1 Rd8 22. Ng3 Rxd1+ 23. Qxd1 g6 24. Ne2 Qe6 25. b3 Qe5 26. Qd2 Qa1+ 27. Kh2
Qe5+ 28. Kg1 Qa1+ 29. Kh2 Qe5+ 30. Ng3 h5 31. Qd8+ Kg7 32. h4 Qf6 33. Qxf6+ Kxf6
34. Ne2 Ke5 35. Nc3 f6 36. Kg3 a6 37. a4 b6 38. f4+ exf3 39. gxf3 g5 40. Ne2
gxh4+ 41. Kf2 b5 42. axb5 axb5 43. Nf4 bxc4 44. bxc4 Be8 45. Ke2 Bf7 46. Kd3 Kf5
47. Nh3 Ke5 48. Nf4 Be8 49. Ke2 Bf7 50. Kd3 Be8 51. Ke2 {Game drawn by
repetition} 1/2-1/2

[Event "Team 45 45 League T89"]
[Site "Internet Chess Club"]
[Date "2021.07.15"]
[Round "2"]
[White "KidRattler"]
[Black "jaboti"]
[Result "1-0"]
[WhiteElo "1769"]
[BlackElo "1624"]
[Opening "French defense"]
[ECO "C00"]
[Time "20:19:20"]
[TimeControl "2700+45"]

1. e4 e6 2. g3 d5 3. Bg2 Nf6 4. e5 Nfd7 5. d4 c5 6. c3 Be7 7. Ne2 b6 8. O-O Nc6
9. f4 g6 10. g4 Ba6 11. Be3 Rc8 12. Rf3 Bxe2 13. Qxe2 Bf8 14. Nd2 cxd4 15. cxd4
Ne7 16. Nf1 Nb8 17. Ng3 Qc7 18. Rc1 Qb7 19. Rcf1 Qa6 20. Qf2 Qa4 21. b3 Qc6 22.
f5 exf5 23. gxf5 Qc2 24. f6 Qxf2+ 25. R3xf2 Nf5 26. Nxf5 gxf5 27. Bxd5 Rg8+ 28.
Kh1 Rc3 29. Bf4 Kd7 30. Bxf7 Rg7 31. e6+ Kd8 32. e7+ Bxe7 33. fxg7 {Black
resigns} 1-0

[Event "Team 45 45 League T89"]
[Site "Internet Chess Club"]
[Date "2021.07.16"]
[Round "2"]
[White "RD1974"]
[Black "justice02"]
[Result "1-0"]
[WhiteElo "1551"]
[BlackElo "1672"]
[Opening "French defense, Steiner variation"]
[ECO "C00"]
[Time "18:03:07"]
[TimeControl "2700+45"]

1. e4 e6 2. c4 Qh4 3. e5 Qe4+ 4. Qe2 Qxe2+ 5. Bxe2 Nc6 6. Nf3 Nh6 7. Nc3 a6 8.
d4 Nf5 9. Be3 Nxe3 10. fxe3 Nb4 11. Kd2 Nc6 12. a3 g6 13. Raf1 Bg7 14. Ng5 O-O
15. Nge4 b6 16. Nf6+ Kh8 17. Nce4 Bh6 18. Kd3 Ne7 19. g4 Rb8 20. Rf3 a5 21. Rh3
Ng8 22. Nxg8 Rxg8 23. Rxh6 b5 24. Ng5 Rg7 25. c5 Ba6 26. Kc2 Rf8 27. Rf1 Kg8 28.
Ne4 Rd8 29. Nf6+ Kf8 30. Rxh7 Rxh7 31. Nxh7+ Ke7 32. Ng5 Rf8 33. Bd3 d6 34.
exd6+ cxd6 35. cxd6+ Kxd6 36. Rxf7 Rc8+ 37. Kd2 Rh8 38. h3 Rc8 39. Ra7 Rc6 40.
a4 Rb6 41. Ne4+ Kc6 42. Nc5 Bc8 43. Bxb5+ Kd5 44. Ra8 {Black resigns} 1-0

[Event "Team 45 45 League T89"]
[Site "Internet Chess Club"]
[Date "2021.07.17"]
[Round "2"]
[White "chesskix"]
[Black "Kidpython"]
[Result "1-0"]
[WhiteElo "1484"]
[BlackElo "1102"]
[Opening "English: Sicilian reversed"]
[ECO "A25"]
[Time "16:01:37"]
[TimeControl "2700+45"]

1. c4 e5 2. Nc3 Nc6 3. g3 Nf6 4. Bg2 Bc5 5. e3 O-O 6. Nge2 d6 7. O-O Be6 8. b3
d5 9. cxd5 Nxd5 10. Bb2 Nxc3 11. Bxc3 f6 12. d4 exd4 13. exd4 Be7 14. d5 Bxd5
15. Bxd5+ Kh8 16. Bg2 Qxd1 17. Raxd1 Bc5 18. Nf4 Rfe8 19. Nd5 Rac8 20. Bh3 Rb8
21. Nxc7 Rg8 22. Ne6 Bb6 23. Nf4 Rbd8 24. Be6 Rxd1 25. Rxd1 Rd8 26. Rxd8+ Bxd8
27. Bc4 h6 28. Ng6+ Kh7 29. Bd3 Bb6 30. Ne7+ Kh8 31. Nxc6 bxc6 32. Kg2 Bc7 33.
f4 Kg8 34. Bb4 a5 35. Bc5 Kf7 36. Kf3 g6 37. h4 f5 38. g4 fxg4+ 39. Kxg4 Kf6 40.
Bd4+ Kf7 41. Bc4+ Kf8 42. f5 gxf5+ 43. Kxf5 Bg3 44. h5 Bh4 45. Bf6 Bxf6 46. Kxf6
Ke8 47. Kg6 Kd7 48. Kxh6 c5 49. Kg7 a4 50. h6 axb3 51. axb3 Ke7 52. h7 Kd6 53.
h8=Q Ke7 54. Qf8+ Kd7 55. Qxc5 Ke8 56. b4 Kd8 57. b5 Ke8 58. b6 Kd8 59. Qc7+ Ke8
60. Bf7# {Black checkmated} 1-0

[Event "Team 45 45 League T89"]
[Site "Internet Chess Club"]
[Date "2021.07.18"]
[Round "2"]
[White "filmdirector"]
[Black "liujf"]
[Result "0-1"]
[WhiteElo "1598"]
[BlackElo "1580"]
[Opening "Giuoco Pianissimo"]
[ECO "C24"]
[Time "14:07:48"]
[TimeControl "2700+45"]

1. e4 e5 2. Bc4 Nf6 3. d3 Bc5 4. Nf3 Nc6 5. c3 d6 6. Be3 Bb6 7. Nbd2 a6 8. Bxb6
cxb6 9. O-O O-O 10. Bb3 h6 11. Kh1 d5 12. exd5 Nxd5 13. Ng1 Bf5 14. Qf3 Nde7 15.
Bc2 Qd7 16. Rad1 Bg4 17. Qe4 Bxd1 18. Rxd1 Qd5 19. Qe3 Qxa2 20. Qxb6 Rab8 21.
Bb3 Qa5 22. Qe3 Qc7 23. Ne2 Nf5 24. Qf3 Nce7 25. Nc4 Rbd8 26. Qe4 Qc5 27. Kg1
Qb5 28. Bc2 Nd6 29. Qxe5 Nxc4 30. Qxe7 Nxb2 31. Rb1 Rde8 32. Qa3 Rxe2 33. Ba4
Qe5 34. Kf1 Nxd3 35. Qa1 b5 36. Bb3 Re8 37. g3 Qe4 38. Kg1 Qf3 39. Rf1 Re1 40.
Rxe1 Rxe1+ 41. Qxe1 Nxe1 {White resigns} 0-1